 Dungeon Sprint DCSS version 0.17-a0-1210-g1e4f09d (webtiles) character file.

2039 Kidiri the Covert (level 9, -5/45 HPs)
             Began as a Gargoyle Fire Elementalist on June 4, 2015.
             Was a High Priest of Vehumet.
             Rolled over by a boulder beetle (28 damage)
             ... in the Dungeon (Sprint VII: "The Pits").
             The game lasted 00:12:24 (1403 turns).

Kidiri the Covert (Gargoyle Fire Elementalist)      Turns: 1403, Time: 00:12:24

Health: -5/45      AC: 14    Str: 15    XL:     9   Next: 24%
Magic:  22/22      EV: 14    Int: 22    God:    Vehumet [*****.]
Gold:   6          SH:  0    Dex: 10    Spells: 6 memorised, 8 levels left

rFire  . . .     SeeInvis .     j - +2 quarterstaff (protect)
rCold  . . .     Clarity  .     a - +0 robe
rNeg   + . .     SustAt   .     (no shield)
rPois  ∞         Gourm    .     (no helmet)
rElec  +         Spirit   .     s - +0 cloak
rCorr  .         Warding  .     x - +0 pair of gloves
rMut   .         NoTele   +     (no boots)
MR     .....                    (no amulet)
Stlth  +++++.....               t - +3 ring of intelligence
                                r - +3 ring of strength

@: not resistant to hostile enchantments, quite stealthy
A: negative energy resistance 1, electricity resistance, unbreathing,
petrification resistance, rot immunity, AC +5
a: Renounce Religion


You were in the Dungeon.
You worshipped Vehumet.
Vehumet was extremely pleased with you.
You were not hungry.

You visited 1 branch You collected 6 gold pieces.

Inventory:

Hand weapons
 j - a +2 quarterstaff of protection (weapon)
 k - a +2 quarterstaff
 w - a +4 quarterstaff of speed
Armour
 a - a +0 robe (worn)
 s - a +0 cloak (worn)
 x - a +0 pair of gloves (worn)
Jewellery
 r - a +3 ring of strength (left hand)
 t - a +3 ring of intelligence (right hand)
Scrolls
 i - a scroll of blinking
 o - 3 scrolls of remove curse
 p - 5 scrolls of amnesia
 q - a scroll of summoning
Potions
 d - 7 potions of curing
 e - 13 potions of heal wounds
 f - a potion of haste
 g - 4 potions of magic
 h - 4 potions of berserk rage
 n - 2 potions of invisibility
 u - a potion of brilliance
 v - a potion of cure mutation
Books
 b - a book of Flames

   Spells                             Type                      Level
   a - Flame Tongue                   Conjuration/Fire             1
   b - Throw Flame                    Conjuration/Fire             2
   c - Conjure Flame                  Conjuration/Fire             3
   d - Inner Flame                    Hexes/Fire                   3
   e - Sticky Flame                   Conjuration/Fire             4
   f - Fireball                       Conjuration/Fire             5
Comestibles
 c - 8 bread rations
 l - 40 fruits
 m - 7 meat rations
 z - 5 chunks of flesh


   Skills:
 + Level 6.0 Dodging
 * Level 11.4 Stealth
 * Level 9.2 Spellcasting
 * Level 10.6 Conjurations
 * Level 10.1 Fire Magic


You had 8 spell levels left.
You knew the following spells:

 Your Spells              Type           Power        Failure   Level  Hunger
a - Flame Tongue          Conj/Fire      #####        1%          1    None
b - Throw Flame           Conj/Fire      ######       1%          2    None
c - Conjure Flame         Conj/Fire      ######..     1%          3    None
d - Inner Flame           Hex/Fire       ####....     1%          3    None
e - Sticky Flame          Conj/Fire      ######..     1%          4    ##.....
f - Fireball              Conj/Fire      ######....   1%          5    ####...


Dungeon Overview and Level Annotations

Branches:
Dungeon (1/1)

Altars:
Ashenzari
Cheibriados
Dithmenos
Elyvilon
Fedhas
Gozag
Kikubaaqudgha
Makhleb
Nemelex Xobeh
Okawaru
Qazlal
Ru
Sif Muna
Trog
Vehumet
Xom
Yredelemnul
Zin
The Shining One
Beogh
Jiyva
Lugonu


Innate Abilities, Weirdness & Mutations

You are resistant to torment.
Your stone body is resilient (AC +5).
You are immune to poison.
You resist negative energy.
You are resistant to electric shocks.
You can survive without breathing.
You are immune to petrification.
You are immune to rotting.


Message History

The boulder beetle stops rolling.
You barely miss the red devil.
The red devil is severely wounded.
The red devil hits you with a trident.
Drink which item? (? for menu, Esc to quit)
You feel much better. The red devil barely misses you.
You barely miss the red devil.
The red devil is severely wounded.
The red devil hits you with a trident.
You closely miss the red devil.
The red devil is severely wounded.
The red devil hits you with a trident.
The boulder beetle curls into a ball and starts rolling!
The boulder beetle smashes into the red devil!
The red devil dies!
You sock the boulder beetle!
The boulder beetle is lightly wounded.
The boulder beetle smashes into you!
Ouch! That really hurt!
You die...

############ #__________#
#__________#
#.#####+##############++##
#_#)))+.+..##.....§.......
#_#).)#.#?(##....§.#..#...
#######+#####.............
#........@B§'.............
#'#####+#####......#..#...
#.#..#..#..##.............
#.#..+..#))#####+#####''##
#)#..####).##.......##'÷##
#)#..#..#))##.......##....
#)#..#..#[[##.......##....
#.##+#..#+###...<...##....
#.#........##.......##...#


You could see a boulder beetle.

Vanquished Creatures
  A griffon (D)
  A cyclops (D)
  Maurice (D)
  2 hippogriffs (D)
  A hungry ghost (D)
  A basilisk (D)
  Menkaure (D)
  An ice beast (D)
  An orc warrior (D)
  A hound (D)
  An orc wizard (D)
  A mummy (D)
  A river rat (D)
  An ufetubus (D)
  2 oozes (D)
  An adder skeleton (D)
  An orc (D)
  3 bat skeletons (D)
  A giant cockroach (D)
  2 hobgoblins (D)
  A kobold (D)
  3 quokkas (D)
  A rat (D)
30 creatures vanquished.

Vanquished Creatures (others)
  A red devil (D)
1 creature vanquished.

Grand Total: 31 creatures vanquished

Notes
Turn   | Place    | Note
--------------------------------------------------------------
     0 | D        | Kidiri the Gargoyle Fire Elementalist began the quest for the Orb.
     0 | D        | Reached XP level 1. HP: 10/10 MP: 3/3
    60 | D        | Found a sacrificial altar of Ru.
    60 | D        | Found a basalt altar of Yredelemnul.
    60 | D        | Found a shadowy altar of Dithmenos.
    60 | D        | Found a deep blue altar of Sif Muna.
    60 | D        | Found a burning altar of Makhleb.
    60 | D        | Found a shimmering altar of Xom.
    60 | D        | Found an ancient bone altar of Kikubaaqudgha.
    60 | D        | Found a sparkling altar of Nemelex Xobeh.
    61 | D        | Found a glowing golden altar of the Shining One.
    61 | D        | Found a bloodstained altar of Trog.
    61 | D        | Found a shattered altar of Ashenzari.
    61 | D        | Found a white marble altar of Elyvilon.
    61 | D        | Found a snail-covered altar of Cheibriados.
    61 | D        | Found a blossoming altar of Fedhas.
    61 | D        | Found a radiant altar of Vehumet.
    61 | D        | Found a glowing silver altar of Zin.
    61 | D        | Found a corrupted altar of Lugonu.
    61 | D        | Found a viscous altar of Jiyva.
    61 | D        | Found a roughly hewn altar of Beogh.
    61 | D        | Found an iron altar of Okawaru.
    67 | D        | Found a stormy altar of Qazlal.
    67 | D        | Found an opulent altar of Gozag.
    69 | D        | Became a worshipper of Vehumet
   122 | D        | Reached XP level 2. HP: 6/15 MP: 0/5
   180 | D        | Learned a level 2 spell: Throw Flame
   307 | D        | Acquired Vehumet's first power
   307 | D        | Offered knowledge of Sandblast by Vehumet.
   361 | D        | Reached XP level 3. HP: 15/19 MP: 7/7
   362 | D        | Reached skill level 4 in Fire Magic
   382 | D        | Learned a level 3 spell: Conjure Flame
   468 | D        | Noticed Menkaure
   497 | D        | Killed Menkaure
   497 | D        | Offered knowledge of Freeze by Vehumet.
   497 | D        | Acquired Vehumet's second power
   497 | D        | Reached skill level 6 in Stealth
   497 | D        | Reached skill level 5 in Conjurations
   497 | D        | Reached skill level 5 in Fire Magic
   497 | D        | Reached XP level 4. HP: 16/24 MP: 0/10
   497 | D        | Reached XP level 5. HP: 18/28 MP: 0/12
   508 | D        | Learned a level 3 spell: Inner Flame
   513 | D        | Learned a level 4 spell: Sticky Flame
   620 | D        | Noticed an orc warrior
   620 | D        | Noticed an orc wizard
   620 | D        | Noticed an ice beast
   620 | D        | Noticed a hound
   628 | D        | Killed a hound
   628 | D        | Reached skill level 5 in Spellcasting
   632 | D        | Killed an orc wizard
   632 | D        | Acquired Vehumet's third power
   639 | D        | Killed an orc warrior
   639 | D        | Reached skill level 7 in Stealth
   639 | D        | Reached XP level 6. HP: 28/32 MP: 2/14
   676 | D        | Killed an ice beast
   676 | D        | Offered knowledge of Static Discharge by Vehumet.
   836 | D        | Noticed a basilisk
   840 | D        | Killed a basilisk
   840 | D        | Offered knowledge of Force Lance by Vehumet.
   840 | D        | Reached skill level 8 in Stealth
   840 | D        | Reached XP level 7. HP: 29/36 MP: 12/17
   847 | D        | Learned a level 5 spell: Fireball
  1002 | D        | Noticed a hungry ghost
  1031 | D        | Offered knowledge of Bolt of Draining by Vehumet.
  1035 | D        | Killed a hungry ghost
  1035 | D        | Reached skill level 9 in Stealth
  1124 | D        | Noticed Maurice
  1124 | D        | Noticed a cyclops
  1134 | D        | Killed Maurice
  1134 | D        | Reached skill level 5 in Dodging
  1134 | D        | Reached XP level 8. HP: 35/41 MP: 7/19
  1140 | D        | Killed a cyclops
  1140 | D        | Reached skill level 10 in Stealth
  1299 | D        | Noticed a hippogriff
  1299 | D        | Noticed a hippogriff
  1304 | D        | Killed a hippogriff
  1304 | D        | Offered knowledge of Poison Arrow by Vehumet.
  1309 | D        | Killed a hippogriff
  1309 | D        | Reached skill level 10 in Conjurations
  1358 | D        | Noticed a boulder beetle
  1360 | D        | Noticed a jumping spider
  1361 | D        | Noticed a griffon
  1366 | D        | Noticed a red devil
  1366 | D        | Killed a griffon
  1366 | D        | Reached skill level 11 in Stealth
  1366 | D        | Reached skill level 10 in Fire Magic
  1366 | D        | Reached XP level 9. HP: 34/45 MP: 15/22
  1368 | D        | Noticed a guardian mummy
  1402 | D        | Killed a red devil
  1403 | D        | Rolled over by a boulder beetle

Vault maps used:
D:        pitsprint

Action                   |  1- 3 |  4- 6 |  7- 9 || total
-------------------------+-------+-------+-------++-------
Melee: Quarterstaff      |    14 |     4 |    14 ||    32
 Cast: Flame Tongue      |    19 |    20 |    27 ||    66
       Conjure Flame     |     1 |       |     5 ||     6
       Sticky Flame      |       |     3 |     4 ||     7
  Use: Potion            |       |       |     1 ||     1
 Stab: Sleeping          |     1 |     1 |     1 ||     3
  Eat: Chunk             |       |       |     3 ||     3
